AoeStats
← Malelf

Arabia

508024095Analyzed
1v1 RM · 11d ago on Sep 20, 2026· 44m 55s· 2 players
Game mode
Random Map
Map size
Tiny (2 player)
Population
200
Speed
Normal
Resources
Standard
Victory
Conquest
Starting age
Dark Age
Ending age
Imperial Age
RankedLock teamsTeams togetherTeam positionsShared explorationLock speedFull tech treeHidden civsTurbo modeCheats
Victory
Defeat
🇮🇹 Wei · Italy
1671
+13
1595
-13
Malelf
6:24 Loom
9:26 Feudal Age
10:05 Double-Bit Axe
10:02 Horse Collar
17:42 Wheelbarrow
20:23 Castle Age
18:18 Gold Mining
20:05 Stone Mining
20:53 Bloodlines
20:35 Fletching
21:43 Bow Saw
21:29 Bodkin Arrow
21:50 Heavy Plow
22:49 Padded Archer Armor
23:52 Ballistics
24:25 Hand Cart
28:44 Husbandry
28:35 Town Watch
29:35 Gold Shaft Mining
34:08 Imperial Age
31:56 Thumb Ring
32:24 Light Cavalry
34:08 Scale Barding Armor
34:14 Forging
35:52 Chain Barding Armor
37:52 Bracer
38:43 Leather Archer Armor
38:32 Hussar
40:44 Chemistry
41:55 Conscription
42:50 Ring Archer Armor
43:15 Parthian Tactics
43:07 Masonry
ffdsfsdfsdikughfidsugrf
0:26 Loom
9:27 Feudal Age
10:13 Double-Bit Axe
10:29 Horse Collar
20:46 Castle Age
18:50 Gold Mining
19:23 Fletching
20:46 Bloodlines
21:45 Bow Saw
21:36 Bodkin Arrow
23:42 Padded Archer Armor
25:19 Leather Archer Armor
25:02 Elite Skirmisher
26:42 Wheelbarrow
28:30 Ballistics
34:21 Husbandry
39:45 Imperial Age
37:43 Thumb Ring
39:11 Scale Barding Armor
39:22 Heavy Plow
40:19 Squires
41:52 Bracer
42:35 Scale Mail Armor
Connection lost

Rejoining the realm…

Still unreachable

The connection could not be restored.

Session expired

The server has moved on; the page needs a fresh start.